 Dungeon Crawl Stone Soup version 0.29.1-2-gbd0b4ee654 (webtiles) character file.

Game seed: 3334600950438803426

89 xian the Covered (level 4, -1/37 HPs)
             Began as a Barachi Fighter on Nov 8, 2022.
             Was a Priest of Cheibriados.
             Slain by Sigmund
             ... wielding a +2 vorpal scythe
              (2 damage)
             ... on level 2 of the Dungeon.
             The game lasted 00:06:33 (1557 turns).

xian the Covered (Barachi Fighter)                  Turns: 1557, Time: 00:06:34

Health: -1/37      AC:  7    Str: 26    XL:     4   Next: 55%
Magic:  4/4        EV: 25    Int: 14    God:    Cheibriados [***...]
Gold:   61         SH:  5    Dex: 17    Spells: 3/3 levels left

rFire   . . .      SeeInvis .   a - +0 long sword
rCold   . . .      Faith    .   c - +0 buckler
rNeg    . . .      Spirit   .   b - +0 scale mail
rPois   .          Reflect  .   (no helmet)
rElec   .          Harm     .   (no cloak)
rCorr   .          Rampage  .   (no gloves)
Will    .....                   (no boots)
Stlth   ..........              e - amulet of the acrobat
HPRegen 0.12/turn               (no ring)
MPRegen 0.09/turn               (no ring)

@: mighty, acrobatic, very slow
A: amphibious, slowness 1, strong legs 1, +LOS
a: Hop, Renounce Religion, Bend Time, Temporal Distortion


You were on level 2 of the Dungeon.
You worshipped Cheibriados.
Cheibriados was most pleased with you.
You visited 1 branch of the dungeon, and saw 2 of its levels.

You collected 61 gold pieces.

Inventory:

Hand Weapons
 a - a +0 long sword (weapon)
Armour
 b - a +0 scale mail (worn)
 c - a +0 buckler (worn)
Jewellery
 e - an amulet of the acrobat (around neck)
Scrolls
 f - a scroll of identify {unknown}
 h - a scroll of amnesia {unknown}
 j - 4 scrolls of teleportation {unknown}
 l - a scroll of magic mapping {unknown}
Potions
 d - a potion of might
 g - a potion of attraction {unknown}
 i - a potion of heal wounds {unknown}
 k - a potion of brilliance {unknown}
 m - a potion of curing {unknown}


   Skills:
 + Level 4.0 Fighting
 + Level 3.5 Long Blades
 + Level 4.4 Armour
 + Level 1.1 Dodging
 + Level 4.0 Shields


You had 3 spell levels left.
You didn't know any spells.
Your spell library was empty.

Dungeon Overview and Level Annotations

Branches:
Dungeon (2/15)

Altars:
Cheibriados

Annotations:
D:2 Sigmund


Innate Abilities, Weirdness & Mutations

You are amphibious.
You cover ground slowly.
You can hop short distances.
You have an extended range of vision and can be seen from far away.


Message History

Unknown command.
You closely miss the goblin. The goblin hits you with a +0 club.
Unknown command.
You closely miss the goblin. The goblin closely misses you.
Unknown command.
You barely miss the goblin. The goblin closely misses you.
The goblin hits you but does no damage.
Unknown command.
You slash the goblin!
You kill the goblin!
Cheibriados thoroughly appreciates the change of pace.
You hit the hobgoblin.
The hobgoblin is heavily wounded.
You block the hobgoblin's attack.
Unknown command.
You hit the hobgoblin.
The hobgoblin is almost dead.
The hobgoblin no longer looks unusually strong.
The hobgoblin barely misses you.
You completely miss the hobgoblin.
The hobgoblin is almost dead.
The hobgoblin barely misses you. The hobgoblin misses you.
Unknown command.
You slash the hobgoblin!
You kill the hobgoblin!
Cheibriados appreciates the change of pace.
You can now warp the flow of time around you.
Okay, then.
Sigmund gestures at you while chanting. The magic dart hits you!
* * * LOW HITPOINT WARNING * * *
Items here: $ )))) [[ ††.
You feel very mighty all of a sudden.
Sigmund gestures wildly while chanting.
Sigmund flickers and vanishes!
Deactivating autopickup; reactivate with Ctrl-A.
Unknown command.
Something hits you!
* * * LOW HITPOINT WARNING * * *
You die...

#>. ... ####.. .. . #.... .. .
######... .###. .......
...#.### ### #...# #.......##
...# #.# #.# #....###
...##..##.##########.#####...#.
#..........){@).)...........).
##.....#############.#####....
#.g.... #.......##) #......
####.#####. #...... ### ##
##...gg # #!.... ....gg #...!gg


There were no monsters in sight!

Vanquished Creatures
  Jessica (D:2)
  Robin (D:2)
  A dart slug (D:1)
  6 ball pythons
  2 bats (D:1)
  5 endoplasms (D:1)
  A giant cockroach (D:1)
  12 goblins
  3 hobgoblins
  4 jackals (D:1)
  A kobold (D:2)
  2 quokkas (D:1)
  4 frilled lizards
  2 rats (D:1)
45 creatures vanquished.

Notes
Turn   | Place    | Note
-------+----------+-------------------------------------------
     0 | D:1      | xian the Barachi Fighter began the quest for the Orb.
     0 | D:1      | Reached XP level 1. HP: 18/18 MP: 1/1
   138 | D:1      | Found a faded altar of an unknown god.
   158 | D:1      | Prayed at the altar of an unknown god.
   158 | D:1      | Became a worshipper of Cheibriados the Contemplative
   158 | D:1      | Reached * piety under Cheibriados
   184 | D:1      | Reached XP level 2. HP: 18/25 MP: 2/2
  1049 | D:1      | Reached XP level 3. HP: 28/30 MP: 3/3
  1068 | D:1      | Reached ** piety under Cheibriados
  1332 | D:2      | Noticed Jessica
  1342 | D:2      | Reached skill level 1 in Dodging
  1346 | D:2      | Killed Jessica
  1347 | D:2      | Reached XP level 4. HP: 24/37 MP: 4/4
  1490 | D:2      | Noticed Sigmund
  1526 | D:2      | Identified the +0 helmet of the Sun {Str+4}
  1526 | D:2      | Noticed Robin
  1543 | D:2      | Killed Robin
  1554 | D:2      | Reached *** piety under Cheibriados
  1557 | D:2      | HP: 1/37 [something (8)]
  1557 | D:2      | Slain by Sigmund

Illustrated notes

Levels and vault maps discovered:
D:1:      tarquinn_simple_flora_water_a, layout_basic,
          dreamdust_ecumenical_altar_statues
D:2:      layout_rooms, uniq_jessica, uniq_robin, uniq_terence, uniq_sigmund

Skill      XL: |  1  2  3  4 |
---------------+-------------+-----
Armour         | 4 |  4.4
Long Blades    | 3 |  3.5
Dodging        | 1 |  1.1
Fighting       | 4 |  4.0
Shields        | 4 |  4.0

Action                   |  1- 3 |  4- 6 || total
-------------------------+-------+-------++-------
Melee: Long sword        |   105 |    50 ||   155
  Use: Potion            |       |     1 ||     1
Armor: Scale mail        |    47 |    17 ||    64
Dodge: Dodged            |    90 |    17 ||   107
Block: Buckler           |    35 |    17 ||    52
